 Dungeon Crawl Stone Soup version 0.29-a0-555-g3b24f45cc1 (webtiles) character file.

Game seed: 8689279027071229036

303 Crownlay the Cudgeller (level 6, -5/57 (59) HPs)
             Began as a Troll Berserker on June 7, 2022.
             Was a Follower of Trog.
             Killed by divine providence
             ... invoked by an orc priest
              (11 damage)
             ... on level 6 of the Dungeon.
             The game lasted 00:02:30 (2282 turns).

Crownlay the Cudgeller (Troll Berserker)            Turns: 2282, Time: 00:02:31

HP:   -5/57 (59)    AC:  4    Str: 28    XL:     6   Next: 15%
MP:   5/5           EV: 10    Int:  3    God:    Trog [*.....]
Gold: 175           SH:  0    Dex:  9    Spells: 5/5 levels left

rFire   . . .      SeeInvis .   a - +0 mace
rCold   . . .      Faith    .   (no shield)
rNeg    . . .      Spirit   .   b - +0 animal skin
rPois   .          Reflect  .   (helmet restricted)
rElec   .          Harm     .   (no cloak)
rCorr   .          Rampage  .   (gloves unavailable)
Will    ++...                   (boots unavailable)
Stlth   +.........              i - amulet of the acrobat
HPRegen 1.99/turn               (no ring)
MPRegen 0.09/turn               (no ring)

@: strong-willed, on berserk cooldown, regenerating, lightly drained
A: large, unfitting armour, claws 3, regeneration 1, shaggy fur 1, tough skin 1
a: Renounce Religion, Berserk


You were on level 6 of the Dungeon.
You worshipped Trog.
Trog was aware of your devotion.
You visited 1 branch of the dungeon, and saw 4 of its levels.

You collected 175 gold pieces.

Inventory:

Hand Weapons
 a - a +0 mace (weapon)
Armour
 b - a +0 animal skin (worn)
Jewellery
 i - an amulet of the acrobat (around neck)
Scrolls
 c - 2 scrolls of fog {unknown}
 e - 2 scrolls of immolation {unknown}
 f - 3 scrolls of identify {unknown}
 g - a scroll of amnesia {unknown}
 h - a scroll of summoning {unknown}
 m - a scroll of vulnerability {unknown}
 p - a scroll of enchant weapon {unknown}
 q - a scroll of brand weapon {unknown}
 s - a scroll of blinking {unknown}
Potions
 d - a potion of flight {unknown}
 j - a potion of heal wounds {unknown}
 k - a potion of degeneration {unknown}
 l - a potion of lignification {unknown}
 n - 3 potions of might {unknown}
 o - a potion of magic {unknown}
 r - a potion of ambrosia {unknown}
 t - a potion of curing {unknown}


   Skills:
 - Level 2.4 Fighting
 * Level 6.3 Maces & Flails
 - Level 2.4 Dodging


You had 5 spell levels left.
You didn't know any spells.
Your spell library was empty.

Dungeon Overview and Level Annotations

Branches:
Dungeon (3/15)

Altars:
Uskayaw


Innate Abilities, Weirdness & Mutations

You are too large for most types of armour.
You have claws for hands.
Your natural rate of healing is unusually fast.
You are covered in fur. (AC +1)
You have tough skin. (AC +1)


Message History

The orc wizard shouts!
Found a twisted wooden wand.
The orc wizard completely misses you.
You hit the orc wizard but do no damage.
Your claw misses the orc wizard.
The orc wizard gestures at you while chanting.
You resist with some effort.
You sock the orc warrior!
The orc warrior is moderately wounded.
The orc wizard hits you but does no damage.
The orc priest hits you from afar with a +0 trident.
The orc warrior closely misses you.
You hit the orc warrior.
The orc warrior is moderately wounded.
The wight closely misses you. The orc hits you but does no damage.
The orc wizard points at you and mumbles some strange words.
The magic dart hits you. The orc priest completely misses you.
The orc warrior barely misses you.
You closely miss the orc warrior.
The orc warrior is moderately wounded.
The wight hits you with a +4 dagger!
You feel drained. The orc closely misses you.
The orc wizard hits you with a +0 dagger.
The orc priest hits you but does no damage.
The orc warrior hits you with a +0 battleaxe!
The orc priest hits you from afar with a +0 trident.
The orc warrior hits you with a +0 battleaxe!!
* * * LOW HITPOINT WARNING * * *
The wight barely misses you.
You are too injured to fight recklessly!
You are too injured to fight recklessly!
You are too injured to fight recklessly!
You are too injured to fight recklessly!
Your skin crawls.
You feel strong-willed.
You can no longer call upon Trog for regeneration and willpower.
The wight closely misses you. The orc hits you with a +0 short sword.
* * * LOW HITPOINT WARNING * * *
The orc priest calls down the wrath of Beogh upon you.
Beogh smites you!
You die...

... ... .# .. #.#
###z. ...# # ##...
/.. #.#...## ..#
#......##..#
#.##..z#..## .
#......@o..#
..##....##oo...#
....#..)###.o.....
#......)).##......
##.....)..####....
####........##.##
#........# ##
##...#..##
##..##.#


You could see an orc warrior, a wight, an orc priest, an orc wizard and an orc.

Vanquished Creatures
  4 wights (D:6)
  A hound (D:3)
  An adder (D:3)
  A worm (D:2)
  3 dart slugs
  An orc (D:3)
  4 ball pythons
  4 bats (D:2)
  4 endoplasms
  5 hobgoblins
  2 jackals (D:3)
  5 quokkas
  2 frilled lizards (D:3)
  2 goblins (D:2)
  4 kobolds
  3 rats
46 creatures vanquished.

Notes
Turn   | Place    | Note
-------+----------+-------------------------------------------
     0 | D:1      | Crownlay the Troll Berserker began the quest for the Orb.
     0 | D:1      | Reached XP level 1. HP: 22/22 MP: 0/0
   147 | D:1      | Reached skill level 3 in Maces & Flails
   207 | D:1      | Reached XP level 2. HP: 28/29 MP: 1/1
   242 | D:1      | Found a faded altar of an unknown god.
   944 | D:2      | Found a hide-covered altar of Uskayaw.
   979 | D:2      | Reached XP level 3. HP: 36/36 MP: 2/2
  1166 | D:2      | Reached skill level 4 in Maces & Flails
  1406 | D:2      | Reached ** piety under Trog
  1997 | D:3      | Reached XP level 4. HP: 33/44 MP: 3/3
  2209 | D:3      | You fall into a shaft and drop 3 floors!
  2229 | D:6      | Reached skill level 5 in Maces & Flails
  2229 | D:6      | Reached XP level 5. HP: 50/50 MP: 4/4
  2239 | D:6      | Reached skill level 6 in Maces & Flails
  2240 | D:6      | Reached XP level 6. HP: 29/59 MP: 5/5
  2275 | D:6      | Noticed an orc warrior
  2282 | D:6      | Killed from afar by an orc priest

Illustrated notes

Levels and vault maps discovered:
D:1:      saegor_arrival_simple_b, layout_loops_corners,
          ebering_ecumenical_altar_sacrificial
D:2:      layout_basic, basic_altar, st_stairs_9
D:3:      layout_loops_ring
D:6:      lemuel_slime, layout_cave_pools, fedhas_altar_fruit_tree,
          serial_shops, shop, lightli_minifort

Skill      XL: |  1  2  3  4  5 |
---------------+----------------+-----
Maces & Flails | 3 4 5 6 |  6.3
Fighting       | |  2.4
Dodging        | |  2.4

Action                   |  1- 3 |  4- 6 || total
-------------------------+-------+-------++-------
Melee: Mace              |   144 |    32 ||   176
       Punch             |     1 |       ||     1
Invok: Trog's Hand       |     1 |     2 ||     3
       Berserk           |       |     1 ||     1
 Stab: Sleeping          |     1 |       ||     1
Armor: Animal skin       |    63 |     9 ||    72
Dodge: Dodged            |    84 |    21 ||   105

Table legend: (Time is in decaauts)
 A = Elapsed time spent in this place.
 B = Non-inter-level travel time spent in this place.
 C = Inter-level travel time spent in this place.
 D = Time resting spent in this place.
 E = Time spent auto-exploring this place.
 F = Levels seen in this place.
 G = Mean time per level.
                   A        B        C        D        E       F      G
               +--------+--------+--------+--------+--------+-----+--------+
         Total |   2323 |   2253 |     70 |     39 |   1809 |   4 |  580.8 |
       Dungeon |   2323 |   2253 |     70 |     39 |   1809 |   4 |  580.8 |
               +--------+--------+--------+--------+--------+-----+--------+

Top non-repeatable levels by time:
     D:2: 878 daAuts
     D:1: 832 daAuts
     D:3: 529 daAuts
     D:6: 82 daAuts
